Map: Torches LE

Players

Classic

  • Race: Protoss Protoss
  • Spawn Location: 5:00

Serral - Winner!

  • Race: Zerg Zerg
  • Spawn Location: 1:00

Event: Esports World Cup 2025

VOD

Have the link to the VOD?

Description

Time

  • Played on: July 25, 2025, 12:39 p.m.
  • Length: 11:37

All games in this series

Show
View Real Time Build Order
Export as new Build Order

Classic Protoss 

Build Orders: 1 Gate Expand, Oracle Opening 

Get SALT Encoding   

  12  0:00  Probe  
  13  0:12  Probe  
  14  0:18  Pylon  
  14  0:24  Probe  
  15  0:32  Probe  
  15  0:40  Probe  
  15  0:41  Gateway  
  16  0:49  Assimilator  
  17  0:51  Probe  
  18  1:03  Probe  
  19  1:15  Probe  
  20  1:27  Nexus  
  20  1:37  Cybernetics Core  
  20  1:40  Probe  
  20  1:46  Assimilator  
  21  1:52  Probe  
  22  1:56  Pylon  
  22  2:04  Adept  
  22  2:05  Probe  
  25  2:16  Stargate  
  25  2:19  Probe  
  26  2:25  Warp Gate  
  26  2:30  Probe  
  26  2:35  Probe  
  29  2:38  Probe  
  29  2:39  Stalker  
  29  2:43  Probe  
  31  2:46  Probe  
  33  2:53  Oracle, Probe  
  33  2:58  Probe  
  34  3:05  Probe  
  39  3:10  Probe  
  40  3:14  Pylon  
  40  3:17  Probe  
  41  3:22  Oracle, Probe  
  41  3:25  Gateway  
  42  3:29  Probe  
  46  3:34  Probe  
  47  3:47  Nexus  
  47  3:50  Pylon  
  47  3:53  Probe  
  48  3:55  Probe  
  48  4:01  Twilight Council  
  49  4:05  Assimilator  
  49  4:07  Probe, Assimilator  
  49  4:08  Probe  
  51  4:13  Gateway  
  51  4:18  Gateway  
  51  4:19  Probe  
  51  4:23  Probe  
  53  4:25  Forge  
  53  4:26  Blink  
  53  4:31  Probe  
  53  4:35  Probe  
  55  4:43  Probe  
  56  4:46  Gateway  
  56  4:47  Probe  
  56  4:49  Gateway  
  56  4:51  Shield Battery  
  57  4:58  Stalker x2  
  61  5:03  Probe x3  
  64  5:09  Pylon  
  64  5:11  Probe, Stalker  
  64  5:12  Probe  
  66  5:15  Probe  
  66  5:17  Protoss Ground Weapons Level 1  
  66  5:21  Probe x2  
  69  5:27  Probe  
  72  5:29  Pylon  
  72  5:30  Stalker  
  72  5:33  Stalker  
  76  5:37  Photon Cannon  
  76  5:42  Shield Battery, Sentry x2  
  78  5:45  Shield Battery  
  80  5:50  Stalker  
  80  5:51  Stalker  
  80  5:55  Stalker  
  86  6:00  Shield Battery  
  86  6:02  Stalker  
  87  6:08  Stalker x2  
  85  6:14  Stalker  
  85  6:15  Stalker  
  83  6:21  Pylon  
  83  6:24  Stalker  
  77  6:26  Stalker  
  77  6:31  Stalker x2  
  71  6:38  Stalker  
  71  6:39  Stalker  
  52  6:50  Stalker x2  
  54  6:55  Sentry, Stalker  
  54  7:01  Pylon  
  58  7:02  Pylon  
  58  7:03  Stalker  
  60  7:19  Stalker x2  
  60  7:20  Stalker x2  
  68  7:27  Stalker x2  
  72  7:38  Pylon  
  72  7:44  Nexus  
  72  7:52  Dark Shrine  
  72  7:58  Stalker x2  
  72  8:04  Pylon  
  76  8:09  Pylon  
  76  8:17  Nexus  
  76  8:19  Robotics Facility  
  76  8:29  Pylon  
  76  8:42  Pylon, Stalker x4, Protoss Ground Weapons Level 2  
  76  8:43  Stalker  
  76  9:06  Observer  
  74  9:12  Robotics Facility  
  74  9:15  Robotics Bay  
  75  9:21  Probe x2  
  77  9:28  Gateway  
  77  9:40  Stalker x4  
  77  9:43  Pylon  
  77  9:44  Pylon  
  85  9:51  Disruptor x2  
  81  9:57  Pylon  
  89  10:18  Disruptor x2  
  89  10:27  Zealot x4  
  89  10:28  Stalker  
  107  10:37  Stalker  
  109  10:43  Pylon  
  109  10:44  Pylon x2  
  109  11:06  Stalker x3  
Show
View Real Time Build Order
Export as new Build Order

Serral Zerg - Winner!

Build Orders: Hatch First 

Get SALT Encoding   

  12  0:00  Drone  
  13  0:08  Drone  
  14  0:14  Drone, Extractor  
  15  0:35  Hatchery  
  15  0:41  Drone, Extractor  
  15  0:47  Overlord  
  15  1:02  Spawning Pool  
  14  1:05  Drone  
  14  1:10  Drone  
  16  1:13  Drone  
  16  1:18  Drone  
  18  1:28  Drone  
  19  1:38  Drone  
  20  1:49  Queen x2  
  20  1:51  Zergling x2  
  25  1:57  Overlord  
  25  1:59  Drone  
  26  2:02  Drone  
  27  2:09  Drone  
  28  2:16  Drone  
  28  2:20  Drone  
  30  2:24  Queen  
  30  2:26  Queen  
  34  2:31  Drone  
  34  2:32  Drone  
  34  2:36  Overlord  
  36  2:48  Hatchery  
  36  2:50  Extractor  
  34  2:51  Drone  
  34  2:53  Drone  
  36  2:59  Drone x3  
  36  3:04  Drone x2  
  36  3:05  Drone  
  42  3:10  Drone x2  
  44  3:13  Overlord  
  44  3:19  Overlord  
  44  3:23  Overlord  
  44  3:31  Drone, Spore Crawler  
  44  3:33  Zergling x4  
  46  3:36  Drone x4  
  46  3:37  Drone  
  46  3:39  Drone  
  52  3:45  Queen  
  52  3:47  Zergling x2  
  55  3:48  Drone  
  55  3:51  Spore Crawler  
  55  3:55  Drone  
  56  4:01  Metabolic Boost  
  58  4:02  Zergling x4  
  58  4:03  Drone x2  
  58  4:06  Drone x3  
  58  4:09  Extractor x2  
  61  4:16  Drone x2  
  63  4:17  Roach Warren  
  63  4:18  Drone x2  
  63  4:22  Overlord  
  64  4:25  Overlord  
  64  4:30  Spore Crawler  
  63  4:32  Overlord  
  63  4:40  Drone x2, Overlord  
  63  4:41  Overlord  
  63  4:44  Queen  
  67  4:58  Roach x6  
  79  5:02  Roach x2  
  83  5:08  Roach x3  
  83  5:12  Zergling x6  
  92  5:15  Zergling x4  
  92  5:19  Zergling x8  
  98  5:25  Ravager  
  98  5:26  Ravager x2  
  100  5:30  Zergling x10  
  100  5:35  Overlord x2  
  105  5:39  Overlord  
  105  5:43  Ravager x2, Extractor x2  
  107  5:54  Zergling x22  
  118  5:59  Ravager  
  118  6:00  Ravager  
  120  6:04  Zergling x2  
  120  6:09  Zergling x10  
  118  6:17  Zergling x4  
  108  6:19  Queen  
  108  6:20  Zergling x8  
  108  6:22  Zergling x2  
  108  6:24  Lair, Queen  
  108  6:25  Zergling x4  
  110  6:27  Zergling x2  
  110  6:30  Zergling x2  
  104  6:35  Zergling x4  
  102  6:41  Zergling x2  
  102  6:46  Ravager  
  102  6:47  Ravager  
  104  6:49  Drone x4  
  107  6:57  Evolution Chamber  
  107  6:59  Drone x6  
  112  7:08  Drone x3, Hatchery  
  114  7:20  Extractor x2  
  114  7:21  Drone x3  
  114  7:22  Glial Reconstitution  
  115  7:23  Zerg Missile Weapons Level 1  
  115  7:24  Overseer  
  115  7:25  Hatchery  
  115  7:26  Roach x2  
  118  7:30  Roach  
  118  7:32  Roach x3  
  123  7:37  Roach x3  
  123  7:39  Overlord x2  
  127  7:47  Roach  
  127  7:50  Extractor  
  129  7:51  Drone x2  
  129  7:52  Overlord  
  129  7:55  Infestation Pit  
  128  8:02  Zergling x20  
  138  8:10  Zergling x2  
  138  8:11  Zergling x6  
  142  8:16  Overlord x2  
  142  8:19  Overseer, Pneumatized Carapace  
  142  8:20  Overlord  
  142  8:24  Zergling x6  
  145  8:29  Zergling x2  
  145  8:34  Roach x7  
  150  8:39  Roach  
  150  8:40  Roach x2  
  163  8:49  Overlord x2  
  160  8:57  Zergling x14  
  160  8:58  Zergling x2  
  160  9:01  Zergling x8  
  169  9:08  Drone, Spore Crawler  
  164  9:12  Zergling x12  
  164  9:16  Drone  
  171  9:17  Ravager x3  
  171  9:19  Zerg Melee Weapons Level 1  
  171  9:23  Hive  
  174  9:28  Drone x3  
  174  9:29  Drone  
  174  9:31  Zergling x4  
  180  9:38  Zergling x12  
  184  9:41  Drone x2  
  186  9:48  Baneling Nest  
  182  10:00  Drone x2  
  182  10:01  Drone x2  
  182  10:02  Drone x3, Overlord  
  182  10:03  Drone  
  188  10:14  Zergling x22  
  188  10:21  Drone x2  
  197  10:22  Evolution Chamber, Spore Crawler  
  195  10:31  Zergling x10  
  199  10:36  Overseer  
  199  10:41  Spire  
  199  10:42  Overseer  
  198  10:43  Overseer  
  198  10:52  Drone  
  197  11:05  Zergling x4  
  197  11:09  Ultralisk Cavern  
Tags
 
Add a new tag
Caveats
  • Supply blocks, unpowered buildings, or Contaminate may cause inaccurate times.
  • Supply counts are checked every 10 seconds.